 Dungeon Crawl Stone Soup version 0.20-a0-471-g521e6c5 (webtiles) character file.

41642 M4edhros the Unseen (level 14, -11/101 HPs)
             Began as an Octopode Artificer on Jan 14, 2017.
             Was an Initiate of Gozag.
             Mangled by a spiny frog (23 damage)
             ... on level 3 of the Lair of Beasts.
             The game lasted 00:42:53 (18057 turns).

M4edhros the Unseen (Octopode Artificer)           Turns: 18057, Time: 00:42:54

Health: -11/101    AC:  1    Str: 16    XL:     14   Next: 16%
Magic:  21/21      EV: 24    Int: 14    God:    Gozag
Gold:   321        SH: 18    Dex: 17    Spells: 13/13 levels left

rFire  . . .     SeeInvis +     V - +0 demon blade (venom)
rCold  + . .     Gourm    +     e - +1 large shield
rNeg   . . .     Faith    .     (helmet restricted)
rPois  +         Spirit   .     l - amulet of the gourmand
rElec  .         Reflect  .     q - +5 ring of strength
rCorr  .         Harm     .     E - +5 ring of evasion
MR     +....                    W - +2 ring of slaying
Stlth  ++++++++..               X - ring of stealth
                                b - ring of poison resistance
                                x - ring of protection from cold
                                (no ring)
                                (no ring)

@: gold aura
A: almost no armour, stealthy swim, amphibious, 8 rings, constrict 8, tentacle
spike 1, camouflage 1, see invisible, high mp 1, robust 1, gelatinous body 1,
subdued magic 1
a: Potion Petition, Call Merchant, Bribe Branch, Renounce Religion


You were on level 3 of the Lair of Beasts.
You worshipped Gozag.
Gozag was aware of your devotion.
You were not hungry.

You visited 3 branches of the dungeon, and saw 18 of its levels.
You also visited: Ice Cave.

You collected 4612 gold pieces.
You spent 1049 gold pieces at shops.
You paid 3242 gold pieces to Gozag.

Inventory:

Hand Weapons
 j - a +1 whip of electrocution
 v - a +1 hunting sling of freezing
 z - a +2 dagger of venom
 F - a +2 hunting sling
 J - the +2 hunting sling of Calamity {flame, rPois}
   (You bought it in a shop on level 8 of the Dungeon)

   It causes projectiles fired from it to burn those they strike, causing extra
   injury to most foes and up to half again as much damage against particularly
   susceptible opponents.
   It protects you from poison.
 M - a +0 blowgun
 N - the +1 hunting sling of Responsibility {flame, rC+}
   (You bought it in a shop on level 8 of the Dungeon)

   It causes projectiles fired from it to burn those they strike, causing extra
   injury to most foes and up to half again as much damage against particularly
   susceptible opponents.
   It protects you from cold.
 V - a +0 demon blade of venom (weapon)
Missiles
 n - 493 stones (quivered)
 t - 14 curare-tipped needles
 w - 14 sling bullets
Armour
 e - a +1 large shield (worn)
 C - a +1 buckler of cold resistance
 U - the +0 shield of Umishoac {rF+ Int+4}
   (You acquired it on level 12 of the Dungeon)

   It affects your intelligence (+4).
   It protects you from fire.
Jewellery
 b - a ring of poison resistance (on tentacle)
 l - an amulet of the gourmand (around mantle)
 q - a +5 ring of strength (left tentacle)
 x - a ring of protection from cold (on tentacle)
 D - an uncursed ring of fire
 E - a +5 ring of evasion (right tentacle)
 W - a +2 ring of slaying (on tentacle)
 X - a ring of stealth (on tentacle)
Wands
 c - a wand of enslavement (8/24)
 r - a wand of random effects (9/48)
 s - a wand of clouds (3/9)
 G - a wand of confusion (23/48)
 P - a wand of paralysis (5/24)
 Y - a wand of acid (7/15)
Scrolls
 a - 4 scrolls of identify
 d - a scroll of fear
 g - 4 scrolls of remove curse
 i - 11 scrolls of teleportation
 u - a scroll of enchant armour
 H - 3 scrolls of fog
 O - 4 scrolls of blinking
Potions
 h - a potion of curing
 k - 2 potions of might
 m - 2 potions of magic
 o - 4 potions of lignification
 A - a potion of cancellation
 B - 2 potions of flight
 Q - 2 potions of haste
 T - a potion of agility
Books
 p - a book of Cantrips

   Spells                             Type                      Level
   a - Confusing Touch                Hexes                        1
   b - Animate Skeleton               Necromancy                   1
   c - Summon Small Mammal            Summoning                    1
   d - Apportation                    Translocation                1
 y - a book of Geomancy

   Spells                             Type                      Level
   a - Sandblast                      Earth                        1
   b - Passwall                       Transmutation/Earth          2
   c - Stone Arrow                    Conjuration/Earth            3
   d - Petrify                        Transmutation/Earth          4
   e - Lee's Rapid Deconstruction     Earth                        5
 I - a book of Debilitation

   Spells                             Type                      Level
   a - Corona                         Hexes                        1
   b - Slow                           Hexes                        2
   c - Gell's Gravitas                Hexes/Translocation          3
   d - Inner Flame                    Hexes/Fire                   3
   e - Cause Fear                     Hexes                        4
   f - Leda's Liquefaction            Hexes/Earth                  4
 R - the Incunabulum of Ghastly Stones
   (You found it in an ice cave)

   Spells                             Type                      Level
   a - Sandblast                      Earth                        1
   b - Leda's Liquefaction            Hexes/Earth                  4
   c - Lee's Rapid Deconstruction     Earth                        5
   d - Simulacrum                     Ice/Necromancy               6
Comestibles
 f - 6 bread rations
 K - 28 fruits


   Skills:
 + Level 7.6 Fighting
 - Level 1.0(1.9) Short Blades
 + Level 2.6(2.7) Long Blades
 + Level 9.4 Slings
 * Level 11.8 Dodging
 + Level 16.3 Stealth
 + Level 11.1 Shields
 - Level 6.9 Evocations


You had 13 spell levels left.
You didn't know any spells.

Dungeon Overview and Level Annotations

Branches:
Dungeon (14/15)            Temple (1/1) D:4            Lair (3/6) D:11
    Orc (0/2) D:11
  Swamp: Lair:2-4    Shoals: Lair:2-4     Snake: Lair:2-4    Spider: Lair:2-4
 Vaults: D:13-14

Altars:
Ashenzari
Cheibriados
Dithmenos
Elyvilon
Fedhas
Gozag
Hepliaklqana
Kikubaaqudgha
Makhleb
Nemelex Xobeh
Okawaru
Qazlal
Ru
Sif Muna
Trog
Uskayaw
Vehumet
Xom
Yredelemnul
Zin
The Shining One
Beogh

Shops:
D:8 (   D:11 [!   D:12 [?   Lair:2 (

Annotations:
D:7 Joseph


Innate Abilities, Weirdness & Mutations

You cannot wear most types of armour.
You are very stealthy in the water. (Stealth+)
You are amphibious.
You can wear up to eight rings at the same time.
You can use your tentacles to constrict eight enemies at once.
Your skin changes colour to match your surroundings (Stealth+).
Your rubbery body absorbs attacks. (AC +1, EV +1)
One of your tentacles bears a spike.
You have supernaturally acute eyesight. (SInv)
You have an increased reservoir of magic. (+10% MP)
You are robust. (+10% HP)
Your spells are a little easier to cast, but a little less powerful.


Message History

You are too injured to fight recklessly!
You hit the spiny frog. You grab the spiny frog.
You pierce the spiny frog.
The spiny frog is lightly wounded.
You constrict the spiny frog! You block the spiny frog's attack.
The spiny frog misses you.
Unknown command.
You hit the spiny frog.
The spiny frog is poisoned.
You pierce the spiny frog, but do no damage.
You squeeze the spiny frog, but do no damage.
The spiny frog is moderately wounded.
You constrict the spiny frog. You block the spiny frog's attack.
Unknown command.
You slash the spiny frog!
You pierce the spiny frog, but do no damage.
The spiny frog is severely wounded.
You constrict the spiny frog. The spiny frog stings you!!
* * * LOW HITPOINT WARNING * * *
The spiny frog stings you!!
You die...
Your body crumbles into a pile of gold.

#.# ### #..##P#### .##
##........## ..##
.#..........# ...#
[..........## ...#
#..........# ...#
...........####...###
#........<.P##.F..P.##
#.............@$.....#
................#.....
#............#....##..
...........P#######
.........P###
........### ....#. ...


You could see a spiny frog.

Vanquished Creatures
  A reaper (IceCv)
  Azrael (D:13)
  Snorg (D:13)
  2 centaur warriors
  2 two-headed ogres
  2 hydras
  A skeletal warrior (D:14)
  An orc knight (D:10)
  Pikel (D:5)
  7 ugly things
  5 manticores
  2 slime creatures (D:14)
  2 cyclopes
  2 ice statues (IceCv)
  A torpor snail (Lair:2)
  4 spiny frogs
  3 centaur skeletons
  A gargoyle (D:12)
  A kobold demonologist (D:12)
  3 komodo dragons
  A freezing wraith (D:14)
  3 orange demons (D:12)
  2 rime drakes (Lair:1)
  8 ice devils (IceCv)
  3 meliai (D:13)
  6 trolls
  A wolf spider simulacrum (D:14)
  6 blink frogs (Lair:2)
  16 hippogriffs
  2 dream sheep (Lair:2)
  A shadow (D:11)
  A vampire (D:12)
  A wyvern (D:12)
  12 yaks
  3 hungry ghosts
  2 fire elementals (D:13)
  A basilisk (Lair:1)
  2 hogs (D:8)
  A human (D:8)
  Menkaure (D:5)
  A soldier ant (D:13)
  5 water moccasins
  2 acid dragons
  3 hell hounds (D:13)
  2 slaves (D:5)
  4 porcupines
  3 ice beasts
  3 black bears
  6 orc warriors
  A swamp drake (D:11)
  2 sky beasts
  2 phantoms (D:13)
  2 necrophages
  3 ogres
  5 centaurs
  6 crocodiles
  4 big kobolds
  18 bullfrogs
  11 scorpions
  4 killer bees (D:12)
  10 wights (D:11)
  4 electric eels (Lair:2)
  8 howler monkeys
  4 crimson imps
  2 centaur zombies
  3 quasits
  10 orc priests
  3 hounds
  3 jellies
  8 orc wizards
  Crazy Yiuf (D:5)
  3 iguanas
  14 worker ants
  Natasha (thrice) (D:4)
  3 hound skeletons
  7 adders
  2 howler monkey skeletons
  2 shadow imps
  6 white imps (IceCv)
  10 ufetubi (IceCv)
  An ooze (D:4)
  4 adder skeletons
  7 leopard geckos
  43 orcs
  7 bats
  3 giant cockroaches
  6 goblins
  10 hobgoblins
  2 jackals (D:8)
  5 quokkas
  4 frilled lizards
  A jackal skeleton (D:4)
  36 kobolds
  A leopard gecko zombie (D:5)
  6 rats
445 creatures vanquished.

Vanquished Creatures (collateral kills)
  2 centaurs (D:12)
  An orc priest (D:3)
  4 orc wizards
  2 orcs
  A goblin (D:3)
10 creatures vanquished.

Vanquished Creatures (others)
  An ugly thing (D:11)
  A slave (D:5)
  3 white imps (IceCv)
  An ufetubus (IceCv)
  An orc (D:11)
7 creatures vanquished.

Grand Total: 462 creatures vanquished

Notes
Turn   | Place    | Note
-------+----------+-------------------------------------------
     0 | D:1      | M4edhros the Octopode Artificer began the quest for the Orb.
     0 | D:1      | Reached XP level 1. HP: 13/13 MP: 3/3
     3 | D:1      | Noticed an electric eel
     3 | D:1      | Noticed an electric eel
   138 | D:1      | Reached skill level 2 in Stealth
   272 | D:2      | Reached XP level 2. HP: 5/18 MP: 4/4
   590 | D:2      | Reached skill level 1 in Shields
   977 | D:3      | Reached skill level 3 in Stealth
   977 | D:3      | Reached XP level 3. HP: 17/23 MP: 5/5
  1058 | D:3      | HP: 1/23 [orc priest/nerve-wracking pain (5)]
  1281 | D:3      | Noticed a centaur
  1283 | D:3      | Killed a centaur
  1283 | D:3      | Reached skill level 4 in Stealth
  1283 | D:3      | Reached XP level 4. HP: 21/28 MP: 6/6
  1283 | D:3      | Reached XP level 5. HP: 24/33 MP: 7/7
  1496 | D:4      | nice, 5 str ring
  1502 | D:4      | Reached skill level 5 in Stealth
  1564 | D:4      | You fall through a shaft!
  1564 | D:5      | Entered Level 5 of the Dungeon
  1583 | D:5      | Noticed a slave
  1630 | D:5      | Noticed a slave
  1655 | D:5      | Found a runed door.
  1659 | D:5      | Noticed Crazy Yiuf
  1664 | D:5      | Killed Crazy Yiuf
  1741 | D:4      | Noticed Natasha
  1753 | D:4      | Killed Natasha
  1753 | D:4      | Reached XP level 6. HP: 17/38 MP: 8/8
  2030 | D:4      | Noticed Natasha
  2035 | D:4      | Killed Natasha
  2035 | D:4      | Reached skill level 6 in Stealth
  2070 | D:4      | Noticed Natasha
  2081 | D:4      | Killed Natasha
  2087 | D:4      | Found a stormy altar of Qazlal.
  2097 | D:4      | Found a staircase to the Ecumenical Temple.
  2138 | Temple   | Entered the Ecumenical Temple
  2317 | Temple   | Became a worshipper of Gozag Ym Sagoz the Greedy
  2565 | D:1      | Found a blossoming altar of Fedhas.
  3698 | D:3      | Found an iron altar of Okawaru.
  3953 | D:5      | Noticed Pikel
  3953 | D:5      | Noticed a slave
  3955 | D:5      | Noticed a slave
  3955 | D:5      | Noticed a sky beast
  3955 | D:5      | Killed a slave
  3964 | D:5      | Killed a slave
  3972 | D:5      | Killed Pikel
  3972 | D:5      | Reached skill level 8 in Stealth
  3972 | D:5      | Reached skill level 5 in Shields
  3972 | D:5      | Reached XP level 7. HP: 23/43 MP: 9/9
  4118 | D:5      | Noticed Menkaure
  4123 | D:5      | Killed Menkaure
  4123 | D:5      | Reached skill level 9 in Stealth
  4123 | D:5      | Reached XP level 8. HP: 10/48 MP: 10/10
  4515 | D:5      | lol, 5 ev ring
  4515 | D:5      | nice.
  4838 | D:6      | Reached skill level 1 in Slings
  4887 | D:6      | Reached skill level 10 in Stealth
  5509 | D:7      | Found a shimmering altar of Xom.
  5510 | D:7      | Found a shimmering altar of Xom.
  5510 | D:7      | Found a shimmering altar of Xom.
  5588 | D:7      | Found a shimmering altar of Xom.
  5636 | D:7      | Found a hide-covered altar of Uskayaw.
  5636 | D:7      | Found a snail-covered altar of Cheibriados.
  5786 | D:7      | Reached XP level 9. HP: 23/53 MP: 11/11
  6087 | D:7      | Reached skill level 11 in Stealth
  6501 | D:7      | Noticed Joseph
  6534 | D:7      | Gained mutation: You are robust. (+10% HP) [potion of beneficial mutation]
  6535 | D:7      | Gained mutation: You have an increased reservoir of magic. (+10% MP) [potion of beneficial mutation]
  6607 | D:8      | Noticed a two-headed ogre
  6644 | D:8      | Killed a two-headed ogre
  6644 | D:8      | Reached skill level 12 in Stealth
  7028 | D:8      | Reached XP level 10. HP: 52/63 MP: 13/13
  7033 | D:8      | Reached skill level 5 in Dodging
  7038 | D:8      | Reached skill level 5 in Slings
  7101 | D:8      | Bought a pitted hunting sling for 169 gold pieces
  7101 | D:8      | Identified the +2 hunting sling of Calamity {flame, rPois} (You bought it in a shop on level 8 of the Dungeon)
  7123 | D:8      | Found a blossoming altar of Fedhas.
  7301 | D:9      | Found a shimmering altar of Xom.
  7408 | D:9      | Reached skill level 13 in Stealth
  7533 | D:8      | Bought a steaming hunting sling for 169 gold pieces
  7533 | D:8      | Identified the cursed +1 hunting sling of Responsibility {flame, rC+} (You bought it in a shop on level 8 of the Dungeon)
  7728 | D:10     | Entered Level 10 of the Dungeon
  7804 | D:11     | Noticed a centaur warrior
  7808 | D:11     | Killed a centaur warrior
  8225 | D:10     | Reached XP level 11. HP: 36/72 MP: 14/14
  8331 | D:10     | Found a runed door.
  8505 | D:10     | Noticed an orc knight
  8522 | D:10     | Killed an orc knight
  8672 | D:10     | Found a roughly hewn altar of Beogh.
  8973 | D:11     | Reached skill level 14 in Stealth
  9016 | D:11     | Found an ancient bone altar of Kikubaaqudgha.
  9186 | D:11     | Reached skill level 5 in Evocations
  9377 | D:11     | Noticed a two-headed ogre
  9762 | D:11     | Killed a two-headed ogre
  9790 | D:11     | Noticed a brown ugly thing
  9883 | D:11     | Found Nadyse's Antique Armour Boutique.
  9912 | D:11     | Found a staircase to the Lair.
 10023 | D:11     | Bought a potion of mutation for 35 gold pieces
 10023 | D:11     | Gained mutation: One of your tentacles bears a spike. [potion of mutation]
 10023 | D:11     | Gained mutation: Your spells are a little easier to cast, but a little less powerful. [potion of mutation]
 10023 | D:11     | Gained mutation: You have supernaturally acute eyesight. (SInv) [potion of mutation]
 10232 | D:11     | Noticed a cyclops
 10412 | D:11     | Killed a cyclops
 10420 | D:11     | Found a staircase to the Orcish Mines.
 11118 | D:11     | Reached XP level 12. HP: 43/81 MP: 18/18
 12181 | D:12     | Found Huimniha's Antique Armour Shop.
 12319 | D:12     | Noticed an eight-headed hydra
 12351 | D:12     | Killed an eight-headed hydra
 12422 | D:12     | Reached skill level 5 in Fighting
 12457 | D:12     | Reached skill level 15 in Stealth
 12457 | D:12     | Reached skill level 10 in Shields
 12615 | D:12     | Bought a scroll of acquirement for 676 gold pieces
 12616 | D:12     | Got a distressingly furry shield
 12627 | D:12     | Identified the +0 shield of Umishoac {rF+ Int+4} (You acquired it on level 12 of the Dungeon)
 12687 | D:13     | Noticed Snorg
 12696 | D:13     | Killed Snorg
 12763 | D:13     | Noticed Azrael
 12793 | D:13     | Killed Azrael
 12930 | D:13     | Reached skill level 10 in Dodging
 12930 | D:13     | Reached XP level 13. HP: 84/91 MP: 20/20
 13715 | D:14     | Found a frozen archway.
 13808 | IceCv    | Entered an ice cave
 14591 | IceCv    | Noticed a reaper
 14599 | IceCv    | Killed a reaper
 14603 | IceCv    | Identified the Incunabulum of Ghastly Stones
 15987 | D:14     | Reached skill level 16 in Stealth
 16083 | Lair:1   | Entered Level 1 of the Lair of Beasts
 16181 | Lair:1   | Reached skill level 1 in Long Blades
 16926 | Lair:2   | Reached XP level 14. HP: 81/101 MP: 21/21
 18057 | Lair:3   | Mangled by a spiny frog

Vault maps used:
D:1:      arrival_aquarium_b, minmay_hexomino_r4
D:2:      first_bread
D:3:      minmay_misc_feat_roman, okawaru_trees_1
D:4:      lemuel_doored_altar, uniq_natasha
D:5:      uniq_menkaure, uniq_crazy_yiuf_cottage, uniq_pikel
D:6:      hangedman_decor_clover_reticule
D:7:      kennysheep_mini_moat, chequers_temple_overflow_statue_of_worship,
          xom_redecorated, uniq_joseph
D:8:      grunt_livestock, fedhas_altar_fruit_tree
D:9:      basic_altar
D:10:     lightli_church_of_beogh
D:11:     lair_entry_dummy, erik_orc_1, basic_altar, serial_shops,
          nicolae_shop_stone, moated_statue, grunt_ministairs_7
D:12:     serial_shops, shop, einodemon_barbed_minivault
D:13:     uniq_snorg, uniq_azrael
D:14:     grunt_vaults_entry_tiered, portal_ice_cave_entry_pillars_1,
          minmay_misc_feat_four_crosses, kennysheep_kite_vault
Temple:   bh_familiar_temple
Lair:1:   minmay_holes
Lair:2:   serial_bayou_lake_a
Lair:3:   minmay_lair_oklob_chamber, grunt_megastairs_2, lemuel_fruit_fields,
          uniq_urug
IceCv:    ice_cave_small_demon

Skill      XL: |  1  2  3  4  5  6  7  8  9 10 11 12 13 |
---------------+----------------------------------------+-----
Stealth        | 2 3 4 5 8 9 10 12 13 14 15 16 | 16.3
Shields        | 1 3 4 5 6 7 8 9 10 11 | 11.1
Slings         | 3 4 5 6 8 9 |  9.4
Dodging        | 4 7 8 10 11 | 11.8
Fighting       | 2 4 5 7 |  7.6
Evocations     | 6 |  6.9
Long Blades    | 2 |  2.6
Short Blades   | |  1.0

Action                   |  1- 3 |  4- 6 |  7- 9 | 10-12 | 13-15 || total
-------------------------+-------+-------+-------+-------+-------++-------
Melee: Short sword       |    38 |   132 |    80 |       |       ||   250
       Constrict         |    11 |    28 |    28 |   107 |    54 ||   228
       Tentacles         |     4 |    26 |    48 |   193 |   150 ||   421
       Dagger            |       |       |    72 |   635 |   254 ||   961
       Kick              |       |       |       |   143 |   203 ||   346
       Whip              |       |       |       |    21 |       ||    21
       Demon blade       |       |       |       |       |   173 ||   173
 Fire: Hunting sling     |       |       |       |   158 |     6 ||   164
Invok: Call Merchant     |       |       |     1 |     2 |     1 ||     4
       Potion Petition   |       |       |       |       |     1 ||     1
Evoke: Wand              |     8 |     1 |    26 |    46 |    26 ||   107
  Use: Potion            |       |     2 |     5 |    10 |     3 ||    20
       Scroll            |       |       |    12 |    14 |     7 ||    33
 Stab: Sleeping          |     4 |    20 |    10 |    17 |    35 ||    86
       Distracted        |     1 |     1 |     2 |     4 |     3 ||    11
       Invisible         |       |     4 |       |       |       ||     4
       Paralysed         |       |       |       |    12 |    14 ||    26
  Eat: Chunk             |       |     4 |       |       |       ||     4
       Beef jerky        |       |     3 |       |     6 |     1 ||    10
       Meat ration       |       |       |     2 |     2 |       ||     4
       Pizza             |       |       |       |     4 |     4 ||     8
       Bread ration      |       |       |       |       |     2 ||     2
Armor: Skin              |     5 |     4 |     1 |    10 |     7 ||    27
Dodge: Dodged            |    12 |    26 |    69 |   330 |   206 ||   643
Block: Large shield      |    24 |    69 |   128 |   540 |   307 ||  1068
       Buckler           |       |       |       |       |    14 ||    14
       Rpst.: Demon blade |       |       |       |       |    27 ||    27
